 Dungeon Crawl Stone Soup version 0.29.1-14-g9c671dbff4 (webtiles) character file.

Game seed: 967664910078673198

19 leafyfresh the Gusty (level 2, 0/17 HPs)
             Began as an Octopode Air Elementalist on Feb 21, 2023.
             Slain by a goblin
             ... wielding a +0 dagger
              (4 damage)
             ... on level 2 of the Dungeon.
             The game lasted 00:00:54 (1487 turns).

leafyfresh the Gusty (Octopode Air Elementalist)    Turns: 1487, Time: 00:00:54

Health: 0/17       AC:  1    Str:  7    XL:     2   Next: 75%
Magic:  1/5        EV: 13    Int: 17    God:
Gold:   13         SH:  0    Dex: 12    Spells: 2/5 levels left

rFire   . . .      SeeInvis .   (no weapon)
rCold   . . .      Faith    .   (no shield)
rNeg    . . .      Spirit   .   (helmet restricted)
rPois   .          Reflect  .   (no amulet)
rElec   .          Harm     .   (no ring)
rCorr   .          Rampage  .   (no ring)
Will    .....                   (no ring)
Stlth   +++.......              (no ring)
HPRegen 0.05/turn               (no ring)
MPRegen 0.09/turn               (no ring)
                                (no ring)
                                (no ring)

@: no status effects
A: almost no armour, amphibious, 8 rings, camouflage 1, gelatinous body 1,
(nimble swimmer 1), tentacles
a: no special abilities


You were on level 2 of the Dungeon.
You visited 1 branch of the dungeon, and saw 2 of its levels.

You collected 13 gold pieces.

Inventory:

Scrolls
 b - 4 scrolls of identify {unknown}
 d - a scroll of teleportation {unknown}
 e - a scroll of immolation {unknown}
Potions
 a - a potion of magic
 c - a potion of cancellation {unknown}
 f - a potion of flight {unknown}
 g - a potion of curing {unknown}
 h - a potion of heal wounds {unknown}


   Skills:
 - Level 2.0 Dodging
 - Level 2.6 Stealth
 + Level 2.3 Spellcasting
 + Level 1.6 Conjurations
 + Level 3.3 Air Magic


You had 2 spell levels left.
You knew the following spells:

 Your Spells              Type           Power      Damage    Failure   Level
a - Shock                 Conj/Air       40%        1d5       7%          1
b - Static Discharge      Conj/Air       10%        3-5/arc   10%         2

Your spell library contained the following spells:

 Spells                   Type           Power      Damage    Failure   Level
 Swiftness                Air            13%        N/A       14%         3
 Stone Arrow              Conj/Erth      8%         3d7       36%         3
 Airstrike                Air            6%         2d(1-17)  43%         4
 Lehudib's Crystal Spear  Conj/Erth      2%         10d2      100%        8
 Animate Armour           Summ/Erth      Unusable   N/A       N/A         4

Dungeon Overview and Level Annotations

Branches:
Dungeon (2/15)

Altars:


Innate Abilities, Weirdness & Mutations

You cannot wear most types of armour.
You are amphibious.
You can wear up to eight rings at the same time.
Your skin changes colour to match your surroundings (Stealth+).
Your rubbery body absorbs attacks. (AC +1, EV +1)
((You are camouflaged when in or above water. (Stealth+)))
You have tentacles for arms and can constrict up to eight enemies at once.


Message History

You don't have enough magic to cast this spell.
Unknown command.
Unknown command.
You tentacle-slap the hobgoblin but do no damage.
You grab the hobgoblin.
The hobgoblin is severely wounded.
You constrict the hobgoblin, but do no damage.
The hobgoblin closely misses you.
You tentacle-slap the hobgoblin but do no damage.
The hobgoblin is severely wounded.
You constrict the hobgoblin, but do no damage.
A goblin comes into view. It is wielding a +0 club.
The hobgoblin drinks a potion.
The hobgoblin seems to grow stronger.
The goblin shouts!
You tentacle-slap the hobgoblin but do no damage.
The hobgoblin is heavily wounded.
You constrict the hobgoblin. The hobgoblin barely misses you.
You completely miss the hobgoblin.
The hobgoblin is severely wounded.
You constrict the hobgoblin, but do no damage.
The hobgoblin closely misses you.
You tentacle-slap the hobgoblin but do no damage.
The hobgoblin is severely wounded.
You constrict the hobgoblin.
You kill the hobgoblin!
The goblin barely misses you.
Unknown command.
You tentacle-slap the endoplasm but do no damage.
The goblin barely misses you. The endoplasm barely misses you.
You barely miss the endoplasm. The goblin misses you.
The endoplasm freezes you.
You are frozen.
You tentacle-slap the endoplasm but do no damage.
The goblin barely misses you. The goblin hits you with a +0 club.
* * * LOW HITPOINT WARNING * * *
The endoplasm barely misses you.
You tentacle-slap the endoplasm.
The endoplasm is moderately wounded.
The goblin hits you with a +0 dagger.
You die...

..#####..... ......
.##.......... ##...
..##.......## ##....
#.#.........###.>...
#.#.................
..##...................
.......†............#.
...###.J........?.####..
.......@..........##...#
......gg......?...##.###
...####...........##. #
. #.........#..# #
...........##.# #
............... #
.)........#.>. #
....#.#....... ). ..#


You could see an endoplasm and 2 goblins.

Vanquished Creatures
  4 bats
  An endoplasm (D:2)
  3 goblins (D:1)
  2 hobgoblins (D:2)
  3 jackals (D:1)
  2 ball pythons
  A rat (D:2)
16 creatures vanquished.

Notes
Turn   | Place    | Note
-------+----------+-------------------------------------------
     0 | D:1      | leafyfresh the Octopode Air Elementalist began the quest
                  | for the Orb.
     0 | D:1      | Reached XP level 1. HP: 11/11 MP: 3/3
   651 | D:1      | Reached XP level 2. HP: 7/17 MP: 3/5
   851 | D:1      | Found a faded altar of an unknown god.
  1471 | D:2      | Learned a level 2 spell: Static Discharge
  1487 | D:2      | Slain by a goblin

Illustrated notes

Levels and vault maps discovered:
D:1:      minmay_arrival_shattered_statue, layout_loops_ring,
          ebering_ecumenical_altar_webs
D:2:      layout_rooms

Action                   || total
-------------------------++-------
Melee: Unarmed           ||    54
       Constrict         ||    13
       Tentacles         ||     8
       Punch             ||     2
 Cast: Shock             ||     5
       Static Discharge  ||     1
 Stab: Sleeping          ||     2
Armor: Skin              ||     8
Dodge: Dodged            ||    53
